 Dungeon Crawl Stone Soup version 0.20-a0-465-g6513c8f (webtiles) character file.

2137 Banto the Martial Artist (level 9, -3/76 HPs)
             Began as a Yellow Draconian Transmuter on Jan 12, 2017.
             Was an Initiate of Cheibriados.
             Slain by an orc warrior
             ... wielding a +0 war axe
              (20 damage)
             ... on level 7 of the Dungeon.
             The game lasted 00:12:33 (7950 turns).

Banto the Martial Artist (DrTm)                     Turns: 7950, Time: 00:12:33

Health: -3/76      AC:  6    Str: 13    XL:     9   Next: 9%
Magic:  2/12       EV: 10    Int: 15    God:    Cheibriados [......]
Gold:   389        SH:  0    Dex: 16    Spells: 5/12 levels left

rFire  x . .     SeeInvis .       - Unarmed
rCold  + + +     Gourm    +     (armour unavailable)
rNeg   . . .     Faith    .     (shield currently unavailable)
rPois  +         Spirit   .     (helmet currently unavailable)
rElec  .         Reflect  .     (cloak currently unavailable)
rCorr  .         Harm     .     (gloves currently unavailable)
MR     .....                    (boots currently unavailable)
Stlth  +.........               s - amulet of the gourmand
                                (no ring)
                                (no ring)

@: short of breath, ice-form, very slow
A: (spit acid), (acid resistance), unfitting armour, (poison resistance),
screaming 1, (cold-blooded), AC +7
a: End Transformation, Bend Time, Renounce Religion


You were on level 7 of the Dungeon.
You worshipped Cheibriados.
Cheibriados was noncommittal.
You were very full.
You were a creature of crystalline ice.
You visited 2 branches of the dungeon, and saw 8 of its levels.
You also visited: Sewer.

You collected 389 gold pieces.

Inventory:

Missiles
 a - 137 arrows
 p - 2 throwing nets (quivered)
Armour
 g - a +0 pair of gloves of dexterity (melded)
Jewellery
 s - an amulet of the gourmand (around neck)
Scrolls
 m - 3 scrolls of fear
 q - 2 scrolls of remove curse
 u - a scroll of recharging
 x - a scroll of fog
Potions
 d - 2 potions of flight
 e - a potion of brilliance {unknown}
 h - a potion of resistance {unknown}
 i - a potion of lignification {unknown}
 k - 2 potions of cancellation {unknown}
 o - a potion of invisibility {unknown}
 r - a potion of mutation {unknown}
 t - a potion of cure mutation {unknown}
 w - 3 potions of curing {unknown}
 z - a potion of magic {unknown}
Books
 b - a book of Changes

   Spells                             Type                      Level
   a - Beastly Appendage              Transmutation                1
   b - Sticks to Snakes               Transmutation                2
   c - Spider Form                    Transmutation/Poison         3
   d - Ice Form                       Ice/Transmutation            4
   e - Blade Hands                    Transmutation                5
Comestibles
 c - 6 bread rations
 f - 10 fruits
 j - 3 beef jerkies
 n - a meat ration


   Skills:
 - Level 1.1 Fighting
 - Level 1.7 Dodging
 * Level 9.5 Unarmed Combat
 - Level 2.0 Spellcasting
 + Level 7.0 Transmutations
 - Level 4.0 Ice Magic


You had 5 spell levels left.
You knew the following spells:

 Your Spells              Type           Power        Failure   Level  Hunger
a - Beastly Appendage     Tmut           ###...       1%          1    #......
b - Sticks to Snakes      Tmut           ###.....     1%          2    ###....
c - Ice Form              Ice/Tmut       ###.....     24%         4    #####..


Dungeon Overview and Level Annotations

Branches:
Dungeon (7/15)             Temple (1/1) D:5

Altars:
Ashenzari
Cheibriados
Elyvilon
Fedhas
Gozag
Hepliaklqana
Kikubaaqudgha
Nemelex Xobeh
Qazlal
Ru
Uskayaw
Vehumet
Xom
Yredelemnul
Zin

Annotations:
D:3 Banto's ghost, amateur DrTm


Innate Abilities, Weirdness & Mutations

((You can spit globs of acid.))
((You are resistant to acid.))
((Your golden yellow scales are hard. (AC +7)))
You cannot fit into any form of body armour.
((You are cold-blooded and may be slowed by cold attacks.))
((Your system is resistant to poisons. (rPois)))
You occasionally shout uncontrollably at your foes.


Message History

The orc struggles to escape constriction.
Casting: Sticks to Snakes
Confirm with . or Enter, or press ? or * to list all spells.
Your talons disappear.
You turn into a creature of crystalline ice.
Your +0 pair of gloves of dexterity melds into your body.
You feel clumsy.
Your ball python bites the orc.
Your ball python constricts the orc.
The orc dies!
Cheibriados thoroughly appreciates the change of pace.
The orc warrior hits you with a war axe!
* * * LOW HITPOINT WARNING * * *
The orc completely misses you.
You now have 19/76 hp.
You hit the orc warrior. You freeze the orc warrior.
The orc warrior is heavily wounded.
The orc hits you with a hand axe.
* * * LOW HITPOINT WARNING * * *
The orc warrior hits you with a war axe!!
You die...

. ... .#.# .###
#.##.#.## ...
......... ..#
#.....>.. .# #.#
#........ ... #.#
#........
#..##.###%..S....
#..#...##o..)....
#.<#....Yo...>...
#........o[##.###
#..........# #
.####..##.######
...........#
######.##..#
#.##..######.
#.##.........
#.##.#######.


You could see an orc warrior, 2 orcs and a friendly ball python.

Vanquished Creatures
  3 ice beasts
  A sky beast (D:5)
  2 centaurs (D:6)
  A phantom (D:5)
  5 big kobolds (Sewer)
  A scorpion (D:4)
  A howler monkey (D:5)
  A centaur zombie (D:5)
  3 crimson imps
  3 hounds
  A jelly (D:6)
  2 orc wizards (D:6)
  4 iguanas
  3 worker ants
  A worker ant zombie (D:5)
  2 howler monkey zombies (D:5)
  4 gnolls
  10 adders
  A river rat (Sewer)
  6 oozes
  An adder zombie (D:6)
  5 worms
  A dart slug (D:2)
  3 leopard geckos
  10 orcs
  4 ball pythons
  6 giant cockroaches
  9 goblins
  10 hobgoblins
  12 jackals
  13 kobolds
  2 quokkas (D:2)
  6 bats
  7 frilled lizards
  A quokka skeleton (D:6)
  3 quokka zombies
  12 rats
160 creatures vanquished.

Vanquished Creatures (collateral kills)
  A hippogriff (D:5)
  An orc warrior (D:6)
  A centaur (D:6)
  An orc priest (D:3)
  3 orc wizards
  A gnoll (D:6)
  4 orcs
  A giant cockroach (D:4)
  3 goblins (D:2)
  A hobgoblin (D:2)
17 creatures vanquished.

Grand Total: 177 creatures vanquished

Notes
Turn   | Place    | Note
-------+----------+-------------------------------------------
     0 | D:1      | Banto the Draconian Transmuter began the quest for the Orb.
     0 | D:1      | Reached XP level 1. HP: 16/16 MP: 3/3
   339 | D:1      | Reached XP level 2. HP: 19/23 MP: 3/5
   612 | D:1      | Learned a level 2 spell: Sticks to Snakes
   898 | D:2      | Reached XP level 3. HP: 28/28 MP: 6/6
   992 | D:2      | Found a glowing silver altar of Zin.
  1278 | D:2      | Reached skill level 4 in Unarmed Combat
  1391 | D:2      | Found a hide-covered altar of Uskayaw.
  1713 | D:2      | Reached XP level 4. HP: 23/35 MP: 7/7
  2469 | D:3      | Reached XP level 5. HP: 20/40 MP: 3/8
  2573 | D:3      | Found a shattered altar of Ashenzari.
  2938 | D:3      | Found a shimmering altar of Xom.
  3047 | D:3      | Noticed Banto's ghost (amateur DrTm)
  3080 | D:2      | Learned a level 4 spell: Ice Form
  3538 | D:4      | Reached skill level 5 in Unarmed Combat
  3538 | D:4      | Reached skill level 1 in Ice Magic
  4130 | D:5      | Entered Level 5 of the Dungeon
  4130 | D:5      | Noticed a hippogriff
  4150 | D:5      | Killed a hippogriff
  4150 | D:5      | Reached XP level 6. HP: 10/47 MP: 3/9
  4736 | D:5      | Noticed a sky beast
  4751 | D:5      | Killed a sky beast
  4751 | D:5      | Reached skill level 6 in Unarmed Combat
  4762 | D:5      | Gained mutation: You tend to lose your temper in combat. [mutagenic meat]
  4763 | D:5      | Gained mutation: Your system is resistant to poisons. (rPois) [mutagenic meat]
  4764 | D:5      | Gained mutation: You occasionally shout uncontrollably at your foes. [mutagenic meat]
  4765 | D:5      | Lost mutation: You tend to lose your temper in combat. [mutagenic meat]
  4798 | D:5      | Your scales start taking on a golden yellow colour.
  4798 | D:5      | Reached XP level 7. HP: 40/52 MP: 10/10
  5111 | D:5      | Reached skill level 5 in Transmutations
  5122 | D:5      | Found a staircase to the Ecumenical Temple.
  5336 | Temple   | Entered the Ecumenical Temple
  5594 | D:5      | Reached skill level 7 in Unarmed Combat
  5856 | D:6      | Reached XP level 8. HP: 35/59 MP: 6/11
  5888 | D:6      | Found a sparkling altar of Nemelex Xobeh.
  6268 | D:6      | Reached skill level 8 in Unarmed Combat
  6306 | D:6      | Found a glowing drain.
  6310 | Sewer    | Entered a sewer
  6947 | Sewer    | Reached skill level 9 in Unarmed Combat
  7155 | D:6      | Found a snail-covered altar of Cheibriados.
  7217 | D:6      | Became a worshipper of Cheibriados the Contemplative
  7443 | D:6      | Reached XP level 9. HP: 64/64 MP: 12/12
  7950 | D:7      | Slain by an orc warrior

Vault maps used:
D:1:      noname_arrival_rooms_in_the_neighbourhood
D:2:      lemuel_coloured_pillars_altar, lemuel_doored_altar,
          minmay_goblin_outpost
D:3:      tgw_xom, overflow_temple_1_default, first_bread, serial_bayou_ford_a,
          corner_web_ring
D:4:      hangedman_decor_points
D:6:      lemuel_crystal_altar, gup_sewer_entry_bowl, nemelex_spade_bored_becter
D:7:      lemuel_crystal_altar, lemuel_round_altar, uniq_crazy_yiuf_cottage
Temple:   jpeg_temple_island
Sewer:    sewer_co_tree

Skill      XL: |  1  2  3  4  5  6  7  8  9 |
---------------+----------------------------+-----
Unarmed Combat | 4 5 6 7 9 |  9.5
Transmutations | 3 4 5 6 7 |  7.0
Ice Magic      | 1 2 3 4 |  4.0
Fighting       | |  1.1
Dodging        | |  1.7
Spellcasting   | |  2.0

Action                   |  1- 3 |  4- 6 |  7- 9 || total
-------------------------+-------+-------+-------++-------
Melee: Unarmed           |   148 |   185 |   309 ||   642
       Tailslap          |     6 |    18 |    45 ||    69
       Headbutt          |     4 |    11 |     6 ||    21
       Kick              |     6 |    14 |     2 ||    22
       Punch             |     1 |     1 |    12 ||    14
Throw: Throwing net      |       |       |     1 ||     1
 Cast: Beastly Appendage |    12 |    14 |     7 ||    33
       Sticks to Snakes  |     4 |    19 |    17 ||    40
       Ice Form          |       |       |     2 ||     2
 Abil: Breathe Acid      |       |       |    29 ||    29
  Use: Scroll            |     1 |     7 |     3 ||    11
       Potion            |       |       |     2 ||     2
 Stab: Distracted        |     1 |       |     2 ||     3
  Eat: Chunk             |     3 |    19 |    24 ||    46
       Pizza             |       |       |     1 ||     1
Armor: Skin              |    44 |    69 |    91 ||   204
Dodge: Dodged            |    96 |   119 |   189 ||   404

Table legend:
 A = Turns spent in this place as a percentage of turns spent in the entire game.
 B = Non-inter-level travel turns spent in this place as a percentage of non-inter-level travel turns spent in the entire game.
 C = Inter-level travel turns spent in this place as a percentage of turns spent in this place.
 D = Turns resting spent in this place as a percentage of non-inter-level travel turns spent in this place.
 E = Turns spent auto-exploring this place as a percentage of non-inter-level travel turns spent in this place.
 F = Non-inter-level travel turns spent in this place divided by the number of levels of this place that you've seen.
                   A       B       C       D       E      F
               +-------+-------+-------+-------+-------+----------------------
         Total | 100.0 | 100.0 |   0.4 |   4.9 |   8.7 | 272.8
       Dungeon |  86.6 |  86.6 |   0.5 |   5.1 |   8.9 | 303.6
        Temple |   0.4 |   0.4 |   9.1 |   0.0 |  20.0 |  10.0
         Sewer |  13.0 |  13.0 |   0.0 |   3.8 |   6.6 | 320.0
               +-------+-------+-------+-------+-------+----------------------

Table legend:
 A = Kills in this place as a percentage of kills in entire the game.
 B = Kills by you in this place as a percentage of kills by you in the entire game.
 C = Kills by friends in this place as a percentage of kills by friends in the entire game.
 D = Other kills in this place as a percentage of other kills in the entire game.
 E = Experience gained in this place as a percentage of experience gained in the entire game.
 F = Experience gained in this place divided by the number of levels of this place that you have seen.
                   A       B       C       D       E      F
               +-------+-------+-------+-------+-------+----------------------
         Total | 100.0 | 100.0 | 100.0 |  -nan | 100.0 | 339.2
       Dungeon |  84.2 |  82.5 | 100.0 |  -nan |  79.9 | 348.4
         Sewer |  15.8 |  17.5 |   0.0 |  -nan |  20.1 | 614.0
               +-------+-------+-------+-------+-------+----------------------
